 Dungeon Crawl Stone Soup version 0.21.1-1-g345015f (webtiles) character file.

49 shakethe the Chopper (level 3, -1/27 HPs)
             Began as a Demonspawn Gladiator on Feb 16, 2018.
             Slain by a gnoll
             ... wielding a +0 spear
              (7 damage)
             ... on level 2 of the Dungeon.
             The game lasted 00:03:17 (868 turns).

shakethe the Chopper (Demonspawn Gladiator)          Turns: 868, Time: 00:03:18

Health: -1/27      AC:  4    Str: 15    XL:     3   Next: 51%
Magic:  3/3        EV: 12    Int:  9    God:
Gold:   61         SH:  0    Dex: 14    Spells: 2/2 levels left

rFire    . . .     SeeInvis .   a - +0 war axe
rCold    . . .     Gourm    .   (no shield)
rNeg     . . .     Faith    .   b - +0 leather armour
rPois    .         Spirit   .   (helmet restricted)
rElec    .         Reflect  .   (no cloak)
rCorr    .         Harm     .   (no gloves)
MR       .....                  (no boots)
Stlth    +.........             (no amulet)
HPRegen  0.09/turn              (no ring)
MPRegen  0.08/turn              (no ring)

@: lethally poisoned (-1 -> -4)
A: antennae 1, rugged brown scales 1
a: no special abilities


You were on level 2 of the Dungeon.
You were not hungry.

You visited 1 branch of the dungeon, and saw 2 of its levels.

You collected 61 gold pieces.

Inventory:

Hand Weapons
 a - a +0 war axe (weapon)
Missiles
 d - 3 throwing nets {=f, !d}
Armour
 b - a +0 leather armour (worn)
 c - a +0 helmet
Jewellery
 j - an uncursed ring of protection from magic {unknown}
   (You found it on level 1 of the Dungeon)
Scrolls
 l - a scroll of amnesia {unknown}
Potions
 e - a potion of mutation {unknown}
 h - a potion of brilliance {unknown}
 i - 2 potions of curing {unknown}
 k - a potion of heal wounds {unknown}
Comestibles
 f - 2 rations
 g - a chunk of flesh {@w0}


   Skills:
 - Level 2.0 Fighting
 * Level 4.2 Axes
 - Level 1.7 Throwing
 - Level 2.6 Dodging


You had 2 spell levels left.
You didn't know any spells.

Dungeon Overview and Level Annotations

Branches:
Dungeon (2/15)

Altars:


Innate Abilities, Weirdness & Mutations

You have a pair of small antennae on your head.
You are partially covered in rugged brown scales. (AC +1, +3% HP)


Message History

You see here a buckler.
Found 16 gold pieces.
Found an escape hatch in the floor.
There is an escape hatch in the floor here.
You now have 49 gold pieces (gained 16).
A bat comes into view.
The bat closely misses you. The bat hits you but does no damage.
A giant cockroach comes into view.
The bat barely misses you. The bat hits you.
The bat hits you but does no damage.
You take 1 damage, and have 26/27 hp.
You miss the bat. The bat hits you but does no damage.
You barely miss the bat. The bat barely misses you. x2
The giant cockroach bites you but does no damage.
You closely miss the giant cockroach. The bat closely misses you.
The giant cockroach misses you.
You slash the giant cockroach!
You kill the giant cockroach!
The bat hits you.
You take 1 damage, and have 25/27 hp.
The bat barely misses you.
You see here a leather armour.
You barely miss the bat. The bat completely misses you.
The bat hits you but does no damage. The bat misses you.
The bat hits you but does no damage.
You hit the bat.
You kill the bat!
No target in view!
No target in view!
No target in view!
No target in view!
No target in view!
No target in view!
No target in view!
No target in view!
You see here a leather armour.
You see here a leather armour.
Health restored: 27 You see here a bat corpse.
You see here a bat corpse.
You butcher the bat corpse.
g - a chunk of flesh {@w0}
There is a stone staircase leading down here.
k - a metallic ruby potion
There is a stone staircase leading down here.
You climb downwards.
A hobgoblin comes into view. It is wielding a club.
The hobgoblin shouts!
There is a stone staircase leading up here.
You hit the hobgoblin.
You kill the hobgoblin!
Your Axes skill increases to level 4!
Things that are here:
a club; a hobgoblin corpse
l - a scroll labeled BUPTYO SOKYMM You now have 61 gold pieces (gained 12).
A leopard gecko comes into view.
The leopard gecko hisses angrily.
A gnoll comes into view. It is wielding a spear.
An adder comes into view.
The adder hisses angrily.
The gnoll shouts!
You hear a shout!
The leopard gecko hisses menacingly.
The leopard gecko bites you but does no damage.
A kobold comes into view. It is wielding a club.
You slash the leopard gecko!
You kill the leopard gecko!
The kobold moves out of view.
The gnoll misses you.
A gnoll comes into view.
The gnoll shouts!
The adder bites you.
You are poisoned.
The adder poisons you!
The gnoll hits you from afar with a spear.
You take 3 damage, and have 24/27 hp.
You closely miss the adder.
You feel sick. The adder bites you.
The gnoll hits you from afar with a spear.
The adder misses you.
You take 3 damage, and have 21/27 hp.
You slash the adder!
You kill the adder!
You feel sick. The gnoll hits you but does no damage.
The kobold throws a stone.
The stone hits you but does no damage.
You take 1 damage, and have 20/27 hp.
The gnoll hits you with a spear. The kobold completely misses you.
You take 4 damage, and have 16/27 hp.
You slash the gnoll! You hit the kobold.
You kill the kobold!
You feel sick. The gnoll hits you but does no damage.
The gnoll completely misses you.
A gnoll and a kobold come into view.
You take 1 damage, and have 15/27 hp.
You hit the gnoll but do no damage. You hit the gnoll.
The gnoll moves out of view.
The gnoll closely misses you. The gnoll hits you but does no damage.
You closely miss the gnoll. You barely miss the gnoll.
You feel sick. The gnoll hits you!
* * * LOW HITPOINT WARNING * * *
The gnoll hits you with a spear!
You die...

.#.......<..#
#..(........#
.......)....#
..#.....#####
##..###.# ...#
#.##### .##
#.....#
###.....#
#g@(....#
....K.g##....#
....### ######
... .


You could see 2 gnolls and a kobold.

Vanquished Creatures
  An adder (D:2)
  A dart slug (D:1)
  A leopard gecko (D:2)
  A giant cockroach (D:1)
  4 goblins (D:1)
  5 hobgoblins
  8 jackals (D:1)
  3 kobolds
  5 bats (D:1)
  A frilled lizard (D:1)
  3 rats (D:1)
33 creatures vanquished.

Notes
Turn   | Place    | Note
-------+----------+-------------------------------------------
     0 | D:1      | shakethe the Demonspawn Gladiator began the quest for the Orb.
     0 | D:1      | Reached XP level 1. HP: 16/16 MP: 1/1
    88 | D:1      | Reached skill level 3 in Axes
    96 | D:1      | Gained mutation: You have a pair of small antennae on your head. [demonic ancestry]
    96 | D:1      | Reached XP level 2. HP: 20/22 MP: 2/2
   291 | D:1      | Gained mutation: You are partially covered in rugged brown scales. (AC +1, +3% HP) [demonic ancestry]
   291 | D:1      | Reached XP level 3. HP: 12/27 MP: 3/3
   840 | D:2      | Reached skill level 4 in Axes
   868 | D:2      | HP: 6/27 [gnoll (8)]
   868 | D:2      | Slain by a gnoll

Skill      XL: |  1  2  3 |
---------------+----------+-----
Axes           | 3 4 |  4.2
Fighting       | |  2.0
Throwing       | |  1.7
Dodging        | |  2.6

Action                   || total
-------------------------++-------
Melee: War axe           ||    78
Armor: Leather armour    ||    39
Dodge: Dodged            ||    64

Vault maps used:
D:1:      dpeg_arrival_tiny_i

Table legend:
 A = Turns spent in this place as a percentage of turns spent in the entire game.
 B = Non-inter-level travel turns spent in this place as a percentage of non-inter-level travel turns spent in the entire game.
 C = Inter-level travel turns spent in this place as a percentage of turns spent in this place.
 D = Turns resting spent in this place as a percentage of non-inter-level travel turns spent in this place.
 E = Turns spent auto-exploring this place as a percentage of non-inter-level travel turns spent in this place.
 F = Non-inter-level travel turns spent in this place divided by the number of levels of this place that you've seen.
                   A       B       C       D       E      F
               +-------+-------+-------+-------+-------+----------------------
         Total | 100.0 | 100.0 |   0.0 |  16.5 |   1.0 | 434.0
       Dungeon | 100.0 | 100.0 |   0.0 |  16.5 |   1.0 | 434.0
               +-------+-------+-------+-------+-------+----------------------

Table legend:
 A = Kills in this place as a percentage of kills in entire the game.
 B = Kills by you in this place as a percentage of kills by you in the entire game.
 C = Kills by friends in this place as a percentage of kills by friends in the entire game.
 D = Other kills in this place as a percentage of other kills in the entire game.
 E = Experience gained in this place as a percentage of experience gained in the entire game.
 F = Experience gained in this place divided by the number of levels of this place that you have seen.
                   A       B       C       D       E      F
               +-------+-------+-------+-------+-------+----------------------
         Total | 100.0 | 100.0 |   N/A |   N/A | 100.0 |  35.0
       Dungeon | 100.0 | 100.0 |   N/A |   N/A | 100.0 |  35.0
               +-------+-------+-------+-------+-------+----------------------
